 Dungeon Crawl Stone Soup version 0.28.0-53-g5a82cb258f (webtiles) character file.

Game seed: 11365327294770434428

312 Peloso the Covered (level 6, 0/41 (53) HPs)
             Began as a Minotaur Fighter on May 29, 2022.
             Slain by Edmund
             ... wielding a +2 flail of draining
              (1 damage)
             ... on level 2 of the Dungeon.
             The game lasted 00:04:56 (3288 turns).

Peloso the Covered (Minotaur Fighter)               Turns: 3288, Time: 00:04:57

HP:   0/41 (53)     AC:  8    Str: 20    XL:     6   Next: 18%
MP:   5/5           EV:  9    Int:  5    God:
Gold: 124           SH:  6    Dex: 12    Spells: 5/5 levels left

rFire   . . .      SeeInvis .   a - +0 long sword
rCold   . . .      Faith    .   c - +1 buckler
rNeg    . . .      Spirit   .   b - +0 scale mail
rPois   .          Reflect  .   (helmet restricted)
rElec   .          Harm     .   f - +0 cloak
rCorr   .          Rampage  .   (no gloves)
Will    .....                   (no boots)
Stlth   ..........              (no amulet)
HPRegen 0.13/turn               (no ring)
MPRegen 0.09/turn               (no ring)

@: heavily drained
A: horns 2, retaliatory headbutt
a: no special abilities


You were on level 2 of the Dungeon.
You visited 1 branch of the dungeon, and saw 4 of its levels.

You collected 124 gold pieces.

Inventory:

Hand Weapons
 a - a +0 long sword (weapon)
Armour
 b - a +0 scale mail (worn)
 c - a +1 buckler (worn)
 f - a +0 cloak (worn)
Jewellery
 l - a ring of ice
Scrolls
 i - 2 scrolls of magic mapping
Potions
 d - 2 potions of might
 e - a potion of lignification {unknown}
 k - a potion of flight


   Skills:
 + Level 4.6 Fighting
 + Level 5.0 Long Blades
 + Level 5.1 Armour
 + Level 1.5 Dodging
 + Level 0.7 Stealth
 + Level 4.6 Shields


You had 5 spell levels left.
You didn't know any spells.
Your spell library contained the following spells:

 Spells                   Type           Power      Damage    Failure   Level
 Ensorcelled Hibernation  Hex/Ice        0%         N/A       96%         2
 Passwall                 Tmut/Erth      0%         N/A       96%         2
 Summon Guardian Golem    Hex/Summ       0%         N/A       99%         3
 Swiftness                Air            0%         N/A       99%         3
 Orb of Destruction       Conj           0%         9d5       100%        7
 Spellforged Servitor     Conj/Summ      0%         N/A       100%        7


Dungeon Overview and Level Annotations

Branches:
Dungeon (4/15)
 Temple: D:4-7

Altars:

Shops:
D:1 ?

Annotations:
D:2 Edmund
D:3 Grinder


Innate Abilities, Weirdness & Mutations

You have a pair of horns on your head.
You reflexively headbutt those who attack you in melee.


Message History

There is a stone staircase leading down here.
Unknown command.
Unknown command.
You closely miss Edmund.
Edmund hits you with a +2 flail of draining.
You feel drained.
Unknown command.
You slash Edmund!
Edmund is lightly wounded.
Edmund gestures with his flail.
Edmund hits you with a +2 flail of draining.
You feel drained.
You barely miss Edmund.
Edmund is lightly wounded.
Edmund zaps a wand.
You block the puff of flame.
Unknown command.
You barely miss Edmund.
Edmund is lightly wounded.
Edmund hits you with a +2 flail of draining.
You feel drained.
You hit Edmund. You headbutt Edmund.
Edmund is moderately wounded.
Edmund hits you with a +2 flail of draining.
You feel drained.
You barely miss Edmund.
Edmund is moderately wounded.
Edmund says, "A flail is better than a scythe, any day of the week!"
Edmund hits you with a +2 flail of draining.
* * * LOW HITPOINT WARNING * * *
You feel drained.
* * * LOW HITPOINT WARNING * * *
Edmund hits you with a +2 flail of draining.
* * * LOW HITPOINT WARNING * * *
You feel drained.
You slash Edmund!
Edmund is heavily wounded.
Edmund hits you with a +2 flail of draining!
* * * LOW HITPOINT WARNING * * *
You feel drained.
You die...

#.#.##...####.#.#
###.#.##...####.#.#
#...............#.#
#.#.#......##.#.#.##
#.#.####>#.##.#.#...
#.#.####.#.##.#.####
#.#.#....#....#.#
#.#.@...#####...#
#.#@###..#....#.####
#.....)..#....#.##..
###......#.####.##.#
#.....)..####.##.#
#.>...#...........
##....#######.....
##.#.# #.....
#.#.#######.....
#...............


You could see Edmund.

Vanquished Creatures
  Sigmund (D:4)
  A howler monkey (D:2)
  3 adders
  A worm (D:2)
  2 dart slugs
  4 orcs (D:3)
  3 endoplasms
  4 giant cockroaches
  6 hobgoblins
  2 jackals (D:3)
  5 quokkas
  5 ball pythons
  8 bats
  3 frilled lizards
  10 goblins
  8 kobolds
  6 rats
72 creatures vanquished.

Notes
Turn   | Place    | Note
-------+----------+-------------------------------------------
     0 | D:1      | Peloso the Minotaur Fighter began the quest for the Orb.
     0 | D:1      | Reached XP level 1. HP: 19/19 MP: 0/0
   396 | D:1      | Reached XP level 2. HP: 25/27 MP: 1/1
   585 | D:1      | Found Zaikkuschi's Magic Scroll Shop.
   891 | D:1      | Found a faded altar of an unknown god.
  1261 | D:2      | Reached XP level 3. HP: 32/33 MP: 2/2
  1732 | D:2      | Identified the +5 ring mail "Uluoniss" {Drain rCorr Int+7
                  | Stlth+}
  2175 | D:3      | Reached XP level 4. HP: 40/40 MP: 3/3
  3064 | D:4      | Noticed Sigmund
  3070 | D:4      | Killed Sigmund
  3071 | D:4      | Reached skill level 5 in Armour
  3071 | D:4      | Reached skill level 1 in Dodging
  3071 | D:4      | Reached XP level 5. HP: 47/47 MP: 4/4
  3071 | D:4      | Reached XP level 6. HP: 53/53 MP: 5/5
  3097 | D:4      | Noticed Edmund
  3097 | D:4      | Noticed Grinder
  3174 | D:4      | Paralysed by Grinder for 5 turns
  3196 | D:2      | Reached skill level 5 in Long Blades
  3278 | D:3      | Paralysed by Grinder for 3 turns
  3288 | D:2      | HP: 1/43 [Edmund/+2 flail of draining (9)]
  3288 | D:2      | Slain by Edmund

Illustrated notes

Levels and vault maps discovered:
D:1:      wheals_arrival_shading, layout_loops_corners, serial_shops,
          nicolae_lakefront_shop, shapermc_ecumenical_altar_mp_vishouse
D:2:      minmay_wonky_spiral, layout_loops_ring, nicolae_figureground_pulse
D:3:      minmay_bubble_buster, layout_basic
D:4:      layout_cave_pools, uniq_crazy_yiuf_cottage, uniq_edmund, uniq_grinder,
          uniq_sigmund

Skill      XL: |  1  2  3  4  5  6 |
---------------+-------------------+-----
Shields        | 4 |  4.6
Armour         | 4 5 |  5.1
Fighting       | 4 |  4.6
Long Blades    | 3 4 5 |  5.0
Dodging        | 1 |  1.5
Stealth        | |  0.7

Action                   |  1- 3 |  4- 6 || total
-------------------------+-------+-------++-------
Melee: Long sword        |    90 |    85 ||   175
       Headbutt          |    13 |     8 ||    21
  Use: Scroll            |     3 |     6 ||     9
Armor: Scale mail        |    47 |    30 ||    77
Dodge: Dodged            |    40 |    37 ||    77
Block: Buckler           |    26 |    33 ||    59
